SNL (28 & UNDER)
WICHITA WRANGLERS @ GAINESVILLE GUIDOS
05/26/2030
 
TOP OF THE 1ST
Wichita Wranglers batting - Pitching for Gainesville Guidos : RHP Rodney Hall
Pitching: RHP Rodney Hall
Batting: LHB Terry Neal 0-0: Foul Ball, location: 2F
0-1: Ball
1-1: Foul Ball, location: 2F
1-2: Strikes out looking
Batting: RHB Henry Edwards 0-0: Ball
1-0: Ball
2-0: Swinging Strike
2-1: Foul Ball, location: 2F
2-2: Ball
3-2: Foul Ball, location: 2F
3-2: Foul Ball, location: 2F
3-2: Base on Balls
Batting: RHB Hubert MacDonald 0-0: Ball
1-0: Called Strike
1-1: Fielders Choice at 2nd, 1-6 (Groundball, 13)
Batting: RHB Oliver Todd 0-0: Ball
1-0: Ball
2-0: Swinging Strike
2-1: Foul Ball, location: 2F
2-2: Strikes out swinging
Top of the 1st over - 0 runs, 0 hits, 0 errors, 1 left on base; Wichita 0 - Gainesville 0
BOTTOM OF THE 1ST
Gainesville Guidos batting - Pitching for Wichita Wranglers : LHP António Ruíz
Pitching: LHP António Ruíz
Batting: RHB Ramiro Santana 0-0: Ball
1-0: Called Strike
1-1: Ground out 1-3 (Groundball, 15S)
Batting: RHB César Castillo 0-0: Ground out 4-3 (Groundball, 4)
Batting: RHB Rudy Boyd 0-0: Ball
1-0: Foul Ball, location: 2F
1-1: Foul Ball, location: 2F
1-2: Strikes out swinging
Bottom of the 1st over - 0 runs, 0 hits, 0 errors, 0 left on base; Wichita 0 - Gainesville 0
TOP OF THE 2ND
Wichita Wranglers batting - Pitching for Gainesville Guidos : RHP Rodney Hall
Batting: RHB Mauro Paredes 0-0: Called Strike
0-1: Swinging Strike
0-2: Ball
1-2: Strikes out swinging
Batting: RHB Bob Corrigan 0-0: Foul Ball, location: 2F
0-1: Ball
1-1: Foul Ball, location: 2F
1-2: Ball
2-2: Foul Ball, location: 2F
2-2: Foul Ball, location: 2F
2-2: Ball
3-2: Strikes out swinging
Batting: RHB Travis Ezell 0-0: Called Strike
0-1: Foul Ball, location: 2F
0-2: Ball
1-2: Strikes out swinging
Top of the 2nd over - 0 runs, 0 hits, 0 errors, 0 left on base; Wichita 0 - Gainesville 0
BOTTOM OF THE 2ND
Gainesville Guidos batting - Pitching for Wichita Wranglers : LHP António Ruíz
Batting: RHB Adrián López 0-0: Swinging Strike
0-1: Called Strike
0-2: Strikes out swinging
Batting: SHB Kent Phillips 0-0: Ground out 3-1 (Groundball, 34S)
Batting: SHB José Sousa 0-0: Ball
1-0: Foul Ball, location: 2F
1-1: Called Strike
1-2: Foul Ball, location: 2F
1-2: Foul Ball, location: 2F
1-2: Strikes out swinging
Bottom of the 2nd over - 0 runs, 0 hits, 0 errors, 0 left on base; Wichita 0 - Gainesville 0
TOP OF THE 3RD
Wichita Wranglers batting - Pitching for Gainesville Guidos : RHP Rodney Hall
Batting: LHB John Lynch 0-0: Called Strike
0-1: Called Strike
0-2: Strikes out looking
Batting: LHB Tristan Sims 0-0: Foul Ball, location: 2F
0-1: Called Strike
0-2: Foul Ball, location: 2F
0-2: Ball
1-2: Ball
2-2: Ball
3-2: Base on Balls
Batting: LHB Terry Neal 0-0: Fly out, F9 (Flyball, 89D)
Batting: RHB Henry Edwards 0-0: Called Strike
0-1: Foul Ball, location: 2F
0-2: Ball
1-2: Ball
2-2: Fly out, F4 (Popup, 4S)
Top of the 3rd over - 0 runs, 0 hits, 0 errors, 1 left on base; Wichita 0 - Gainesville 0
BOTTOM OF THE 3RD
Gainesville Guidos batting - Pitching for Wichita Wranglers : LHP António Ruíz
Batting: RHB James Morris 0-0: Ground out 6-3 (Groundball, 6S)
Batting: RHB Dave Marshall 0-0: SINGLE (Flyball, 8LS)
Batting: RHB Santiago Díaz 0-0: Foul Ball, location: 2F
0-1: Ball
1-1: Swinging Strike
1-2: Ball
2-2: Foul Ball, location: 2F
2-2: Ground out 5-3 (Groundball, 5S)
Dave Marshall to second
Batting: RHB Ramiro Santana 0-0: Called Strike
0-1: Called Strike
0-2: Strikes out swinging
Bottom of the 3rd over - 0 runs, 1 hit, 0 errors, 1 left on base; Wichita 0 - Gainesville 0
TOP OF THE 4TH
Wichita Wranglers batting - Pitching for Gainesville Guidos : RHP Rodney Hall
Batting: RHB Hubert MacDonald 0-0: Called Strike
0-1: Ball
1-1: Foul Ball, location: 2F
1-2: Ball
2-2: Strikes out looking
Batting: RHB Oliver Todd 0-0: Foul Ball, location: 2F
0-1: Foul Ball, location: 2F
0-2: Ball
1-2: Foul Ball, location: 2F
1-2: Ball
2-2: Reached on error, E5 (Groundball, 56)
Batting: RHB Mauro Paredes 0-0: Called Strike
0-1: Foul Ball, location: 2F
0-2: Ball
1-2: Strikes out swinging
Batting: RHB Bob Corrigan 0-0: Called Strike
0-1: Ball
1-1: Foul Ball, location: 2F
1-2: Ball
2-2: Ground out 4-3 (Groundball, 4)
Top of the 4th over - 0 runs, 0 hits, 1 error, 1 left on base; Wichita 0 - Gainesville 0
BOTTOM OF THE 4TH
Gainesville Guidos batting - Pitching for Wichita Wranglers : LHP António Ruíz
Batting: RHB César Castillo 0-0: Foul Ball, location: 2F
0-1: Ball
1-1: Swinging Strike
1-2: Strikes out looking
Batting: RHB Rudy Boyd 0-0: Ball
1-0: Ball
2-0: Ball
3-0: Called Strike
3-1: Foul Ball, location: 2F
3-2: Strikes out swinging
Batting: RHB Adrián López 0-0: Ground out 6-3 (Groundball, 6)
Bottom of the 4th over - 0 runs, 0 hits, 0 errors, 0 left on base; Wichita 0 - Gainesville 0
TOP OF THE 5TH
Wichita Wranglers batting - Pitching for Gainesville Guidos : RHP Rodney Hall
Batting: RHB Travis Ezell 0-0: Ball
1-0: Ball
2-0: Ball
3-0: Called Strike
3-1: Ground out 5-3 (Groundball, 56)
Batting: LHB John Lynch 0-0: Called Strike
0-1: Foul Ball, location: 2F
0-2: Ball
1-2: Ground out 4-3 (Groundball, 4)
Batting: LHB Tristan Sims 0-0: Foul Ball, location: 2F
0-1: Foul Ball, location: 2F
0-2: Strikes out swinging
Top of the 5th over - 0 runs, 0 hits, 0 errors, 0 left on base; Wichita 0 - Gainesville 0
BOTTOM OF THE 5TH
Gainesville Guidos batting - Pitching for Wichita Wranglers : LHP António Ruíz
Batting: SHB Kent Phillips 0-0: Swinging Strike
0-1: Ball
1-1: Ball
2-1: Foul Ball, location: 2F
2-2: Strikes out looking
Batting: SHB José Sousa 0-0: Swinging Strike
0-1: Ball
1-1: Ball
2-1: Swinging Strike
2-2: Ball
3-2: Strikes out swinging
Batting: RHB James Morris 0-0: Ball
1-0: Foul Ball, location: 2F
1-1: Foul Ball, location: 2F
1-2: SINGLE (Flyball, 89S)
Batting: RHB Dave Marshall 0-0: Swinging Strike
0-1: Foul Ball, location: 2F
0-2: Strikes out swinging
Bottom of the 5th over - 0 runs, 1 hit, 0 errors, 1 left on base; Wichita 0 - Gainesville 0
TOP OF THE 6TH
Wichita Wranglers batting - Pitching for Gainesville Guidos : RHP Rodney Hall
Batting: LHB Terry Neal 0-0: Called Strike
0-1: Swinging Strike
0-2: Strikes out swinging
Batting: RHB Henry Edwards 0-0: Ball
1-0: Fly out, F4 (Line Drive, 4)
Batting: RHB Hubert MacDonald 0-0: Called Strike
0-1: Ball
1-1: Foul Ball, location: 2F
1-2: Ground out 5-3 (Groundball, 56S)
Top of the 6th over - 0 runs, 0 hits, 0 errors, 0 left on base; Wichita 0 - Gainesville 0
BOTTOM OF THE 6TH
Gainesville Guidos batting - Pitching for Wichita Wranglers : LHP António Ruíz
Batting: RHB Santiago Díaz 0-0: Called Strike
0-1: Ball
1-1: Foul Ball, location: 2F
1-2: Foul Ball, location: 2F
1-2: SINGLE (Groundball, 56D)
Batting: RHB Ramiro Santana 0-0: Ball
1-0: Ball
2-0: Called Strike
2-1: DOUBLE (Flyball, 8RD)
Santiago Díaz to third
Batting: RHB César Castillo 0-0: Ball
1-0: Ground out U3 (Groundball, 34S)
Batting: RHB Rudy Boyd 0-0: Foul Ball, location: 2F
0-1: SINGLE (Groundball, 6D)
Santiago Díaz scores
Ramiro Santana to third
Runner from 3rd tries for Home, SAFE, no throw
Batting: RHB Adrián López 0-0: Ball
Rudy Boyd steals 2nd base
1-0: Ball
2-0: Called Strike
2-1: Called Strike
Rudy Boyd steals 3rd base
2-2: Foul Ball, location: 2F
2-2: Ball
3-2: DOUBLE (Line Drive, 78XD)
Rudy Boyd scores
Batting: SHB Kent Phillips 0-0: Ball
1-0: DOUBLE (Line Drive, 78M)
Adrián López scores
Batting: SHB José Sousa 0-0: Ball
1-0: Fly out, F9 (Flyball, 9)
Batting: RHB James Morris 0-0: Ball
1-0: Called Strike
1-1: Swinging Strike
1-2: Ball
2-2: Ground out 1-3 (Groundball, 13S)
Bottom of the 6th over - 4 runs, 5 hits, 0 errors, 1 left on base; Wichita 0 - Gainesville 4
TOP OF THE 7TH
Wichita Wranglers batting - Pitching for Gainesville Guidos : RHP Rodney Hall
Batting: RHB Oliver Todd 0-0: Ball
1-0: Fly out, F8 (Flyball, 8LD)
Batting: RHB Mauro Paredes 0-0: Ball
1-0: Ball
2-0: Called Strike
2-1: Fly out, F8 (Flyball, 89M)
Batting: RHB Bob Corrigan 0-0: Swinging Strike
0-1: SINGLE (Line Drive, 7LS)
Batting: RHB Travis Ezell 0-0: Swinging Strike
0-1: Ball
1-1: Fielders Choice at 2nd, 6-4 (Groundball, 6)
Top of the 7th over - 0 runs, 1 hit, 0 errors, 1 left on base; Wichita 0 - Gainesville 4
BOTTOM OF THE 7TH
Gainesville Guidos batting - Pitching for Wichita Wranglers : LHP António Ruíz
Batting: RHB Dave Marshall 0-0: Ball
1-0: Called Strike
1-1: Ball
2-1: Fly out, F7 (Line Drive, 7LM)
Batting: RHB Santiago Díaz 0-0: Called Strike
0-1: Called Strike
0-2: Ball
1-2: Ball
2-2: Foul Ball, location: 2F
2-2: Strikes out swinging, 2-3 out at first.
Batting: RHB Ramiro Santana 0-0: Ball
1-0: SINGLE (Groundball, 4MD)
Pitching: RHP Josse Teves
Batting: RHB César Castillo 0-0: Ball
1-0: Ball
2-0: Foul Ball, location: 2F
2-1: Called Strike
2-2: Ground out 4-3 (Groundball, 34)
Bottom of the 7th over - 0 runs, 1 hit, 0 errors, 1 left on base; Wichita 0 - Gainesville 4
TOP OF THE 8TH
Wichita Wranglers batting - Pitching for Gainesville Guidos : RHP Rodney Hall
Batting: LHB John Lynch 0-0: Ball
1-0: Foul Ball, location: 2F
1-1: Ball
2-1: Ball
3-1: Foul Ball, location: 2F
3-2: Strikes out swinging
Batting: LHB Tristan Sims 0-0: Ball
1-0: Foul Ball, location: 2F
1-1: Called Strike
1-2: Strikes out swinging
Batting: LHB Terry Neal 0-0: SINGLE (Groundball, 4MD)
Batting: RHB Henry Edwards 0-0: Ball
1-0: Ball
2-0: Called Strike
2-1: Fielders Choice at 2nd, 6-4 (Groundball, 6)
Top of the 8th over - 0 runs, 1 hit, 0 errors, 1 left on base; Wichita 0 - Gainesville 4
BOTTOM OF THE 8TH
Gainesville Guidos batting - Pitching for Wichita Wranglers : RHP Josse Teves
Batting: RHB Rudy Boyd 0-0: Ball
1-0: Swinging Strike
1-1: Called Strike
1-2: Strikes out swinging
Batting: RHB Adrián López 0-0: Ground out 6-3 (Groundball, 6)
Batting: SHB Kent Phillips 0-0: Foul Ball, location: 2F
0-1: Swinging Strike
0-2: Foul Ball, location: 2F
0-2: Ball
1-2: Strikes out looking
Bottom of the 8th over - 0 runs, 0 hits, 0 errors, 0 left on base; Wichita 0 - Gainesville 4
TOP OF THE 9TH
Wichita Wranglers batting - Pitching for Gainesville Guidos : RHP Rodney Hall
Batting: RHB Hubert MacDonald 0-0: Ball
1-0: Ball
2-0: Swinging Strike
2-1: Fly out, F9 (Flyball, 9LS)
Batting: RHB Oliver Todd 0-0: Ball
1-0: Foul Ball, location: 2F
1-1: Ball
2-1: Swinging Strike
2-2: Ball
3-2: Strikes out swinging
Batting: RHB Mauro Paredes 0-0: Ball
1-0: Ball
2-0: Ball
3-0: Base on Balls
Batting: RHB Bob Corrigan 0-0: Called Strike
0-1: Ball
1-1: Ball
2-1: Fly out, F7 (Flyball, 7LSF)
Top of the 9th over - 0 runs, 0 hits, 0 errors, 1 left on base; Wichita 0 - Gainesville 4
Saturday, April 7th, 2018 - OOTP Baseball 18.8 Build 76